 Dungeon Crawl Stone Soup version 0.30.1-4-g462c640d31 (webtiles) character file.

Game seed: 12000199022771499439

90472 Wiggles the Executioner (level 15, 0/141 HPs)
             Began as a Minotaur Berserker on Aug 30, 2023.
             Was a High Priest of Trog.
             Slain by a bunyip (16 damage)
             ... on level 1 of the Swamp on Aug 31, 2023.
             The game lasted 00:42:52 (22503 turns).

Wiggles the Executioner (Minotaur Berserker)       Turns: 22503, Time: 00:42:53

Health: 0/141      AC: 30    Str: 35    XL:     15   Next: 52%
Magic:  14/14      EV: 13    Int:  4    God:    Trog [*****.]
Gold:   2171       SH:  0    Dex: 10    Spells: 14/14 levels left

rFire   + . .        J - +4 executioner's axe (heavy)
rCold   + . .        (shield currently unavailable)
rNeg    . . .        E - +18 Lear's hauberk
rPois   .            (helmet currently unavailable)
rElec   .            r - scarf {rC+ rF+}
rCorr   .            (gloves currently unavailable)
SInv    +            (boots currently unavailable)
Will    +....        n - amulet of the acrobat Stlth
                     P - +6 ring of strength
HPRegen 0.43/turn    d - ring of see invisible
MPRegen 0.14/turn

%: acrobat
@: lethally poisoned (0 -> -20), very slow
A: horns 2, retaliatory headbutt
a: Renounce Religion, Berserk, Trog's Hand, Brothers in Arms


You were on level 1 of the Swamp.
You worshipped Trog.
Trog was extremely pleased with you.
You visited 4 branches of the dungeon, and saw 23 of its levels.
You also visited: Ossuary.

You collected 2171 gold pieces.

Inventory:

Hand Weapons
 J - a +4 heavy executioner's axe (weapon)
Missiles
 I - 3 throwing nets (quivered)
Armour
 r - a scarf of resistance (worn)
 D - a +1 plate armour
 E - the +18 Lear's hauberk (worn)
   (You found it on level 7 of the Dungeon)
Jewellery
 d - a ring of see invisible (right hand)
 n - an amulet of the acrobat (around neck)
 s - a ring of protection from cold
 v - a ring of positive energy
 M - a ring of flight
 P - a +6 ring of strength (left hand)
 Q - a ring of protection from cold
Wands
 h - a wand of flame (68)
 o - a wand of mindburst (3)
 q - a wand of iceblast (20)
 w - a wand of digging (6)
 K - a wand of charming (25)
 U - a wand of polymorph (2)
 X - a wand of light (6)
Scrolls
 c - 5 scrolls of poison
 k - 4 scrolls of fear
 l - 7 scrolls of teleportation
 m - a scroll of brand weapon {unknown}
 y - 5 scrolls of blinking
 G - 10 scrolls of identify
 V - 2 scrolls of butterflies
 W - 2 scrolls of fog
Potions
 a - 4 potions of attraction
 b - 9 potions of mutation
 e - 10 potions of curing
 f - 7 potions of might
 g - 3 potions of resistance
 j - 3 potions of lignification
 t - 5 potions of haste
 z - 2 potions of flight
 A - 5 potions of cancellation
 B - 2 potions of berserk rage
 C - 6 potions of ambrosia
 O - a potion of magic
Miscellaneous
 x - a phantom mirror
 F - a condenser vane
 L - a piece from Xom's chessboard (15/15)
 R - a box of beasts
 T - a lightning rod (4/4)


   Skills:
 + Level 15.2 Fighting
 + Level 22.8 Axes
 + Level 13.7 Armour
 + Level 10.2 Dodging
 + Level 3.9 Stealth
 + Level 6.4 Shields
 + Level 1.0 Evocations


You had 14 spell levels left.
You didn't know any spells.
Your spell library was empty.

Dungeon Overview and Level Annotations

Branches:
Dungeon (15/15)            Temple (0/1) D:7            Lair (5/5) D:9
  Swamp (1/4) Lair:3       Spider (0/4) Lair:3        Slime (0/5) Lair:4
    Orc (2/2) D:11            Elf (0/3) Orc:2        Vaults (0/5) D:14
 Depths (0/4) D:15        Ossuary (visited)

Altars:
Cheibriados
Dithmenos
Elyvilon
Fedhas
Gozag
Kikubaaqudgha
Makhleb
Nemelex Xobeh
Okawaru
Qazlal
Ru
Sif Muna
Uskayaw
Xom
Zin
Jiyva

Shops:
D:7 [   Orc:2 [[([(

Portals:
Trove: D:14 (give 19 potions of curing)

Annotations:
D:8 1 runed translucent door


Innate Abilities, Weirdness & Mutations

You have a pair of horns on your head.
You reflexively headbutt those who attack you in melee.


Message History

You are more poisoned.
You feel extremely sick.
The swamp worm fires a harpoon shot at you.
The harpoon shot hits you but does no damage.
The spriggan druid points at you and mumbles some strange words.
The stone arrow hits you!! The bunyip completely misses you.
You furiously retaliate!
You headbutt the bunyip! The bunyip misses you. The bunyip claws you!
You miss the spriggan druid.
Your headbutt misses the spriggan druid.
You barely miss the bunyip. You slash the swamp dragon!
You are engulfed in poison gas.
You are more poisoned.
* * * LOW HITPOINT WARNING * * *
You feel extremely sick.
The swamp dragon bites you but does no damage.
The swamp dragon claws you.
* * * LOW HITPOINT WARNING * * *
The swamp dragon tramples you but does no damage.
The spriggan druid hits you with a +0 quarterstaff!
* * * LOW HITPOINT WARNING * * *
You feel better.
You are engulfed in poison gas.
You are poisoned.
* * * LOW HITPOINT WARNING * * *
You feel very sick.
The swamp dragon bites you but does no damage.
The swamp dragon claws you.
* * * LOW HITPOINT WARNING * * *
The swamp dragon tramples you but does no damage.
The spriggan druid hits you but does no damage.
You feel much better.
You are engulfed in poison gas.
You are more poisoned.
* * * LOW HITPOINT WARNING * * *
You feel very sick.
The swamp worm is engulfed in poison gas.
The swamp worm is poisoned.
The swamp worm bites you!
* * * LOW HITPOINT WARNING * * *
The bunyip misses you. You furiously retaliate!
You headbutt the bunyip! The bunyip claws you!
You die...

♣♣ ♣♣♣♣~♣♣ ♣ ...~~~.
♣♣♣♣. .[~~~~~
~~...♣♣♣♣..~~~.~
♣....>.....~.$..~
♣....§~.........~
~~~.~~~~Dw....~~~
...~~~~i@~~.♣.~~.
♣..~~§§~x~○♣..~~.
♣♣.~~.~~~~~~~....~.
♣♣..~..§§~~.....♣...
♣.§.~...~~~.~.♣♣♣ ♣♣
♣♣....♣.....§..♣
♣♣♣♣♣~.~.♣~~§..~~~♣♣
♣§♣.♣♣♣≈≈........~♣
.....♣≈≈≈♣....♣♣.~♣


You could see a bunyip, a swamp dragon, a spriggan druid and a swamp worm
(poisoned).

Vanquished Creatures
  Jorgrun (Orc:2)
  A fenstrider witch (Swamp:1)
  Donald (Orc:2)
  An orc warlord (Orc:2)
  2 eleionomae (Swamp:1)
  3 bunyips (Swamp:1)
  2 vault guards (D:14)
  3 hydras
  6 centaur warriors
  2 two-headed ogres (D:11)
  2 catoblepae
  4 boulder beetles
  4 tengu warriors
  Nergalle (D:10)
  3 skysharks
  A deep troll (D:15)
  A goliath frog (Swamp:1)
  A swamp dragon (Swamp:1)
  3 bog bodies (Swamp:1)
  An orc knight (Orc:2)
  3 deep elf pyromancers (D:15)
  5 ugly things
  An oklob plant (Lair:3)
  4 manticores
  2 orc sorcerers
  11 elephants
  8 cyclopes
  5 black mambas
  The ghost of Esekla the Reanimator, a novice DENe of Vehumet (D:7)
  A torpor snail (Lair:5)
  10 cane toads
  An unseen horror (D:12)
  2 rime drakes
  5 komodo dragons
  A kobold demonologist (D:14)
  A queen bee (Lair:2)
  10 trolls
  A tyrant leech (Swamp:1)
  3 meliai (D:15)
  5 hornets
  5 polar bears (Lair:5)
  21 blink frogs
  7 dream sheep
  4 slime creatures (D:12)
  An air elemental (D:15)
  A centaur simulacrum (D:15)
  12 spriggans (Lair:5)
  A water elemental (D:13)
  6 wyverns
  A wraith (D:11)
  29 yaks
  A vampire (D:10)
  7 basilisks
  Grum (D:8)
  A steam dragon (Lair:3)
  5 vampire mosquitoes
  3 swamp worms
  6 water moccasins
  2 acid dragons
  4 black bears (Lair:5)
  22 orc warriors
  2 ice beasts
  8 sky beasts
  4 ogres
  8 centaurs
  4 boggarts (Lair:5)
  35 wolves
  2 scorpions (D:5)
  14 bullfrogs
  A wyvern zombie (Ossuary)
  2 gnoll sergeants
  5 water moccasin zombies (Ossuary)
  5 wights (D:6)
  51 killer bees
  An electric eel (D:13)
  3 howler monkeys
  5 bullfrog zombies (Ossuary)
  4 centaur zombies (Ossuary)
  5 jellies
  19 orc priests
  3 hounds
  7 iguanas
  13 mummies (Ossuary)
  A sleepcap (D:5)
  25 orc wizards
  A killer bee zombie (Ossuary)
  3 howler monkey zombies (Ossuary)
  8 gnolls
  7 adders
  3 shadow imps
  3 white imps
  2 ufetubi
  A worm (D:3)
  5 dart slugs
  95 orcs
  4 bats
  8 endoplasms
  4 giant cockroaches
  2 goblins
  5 hobgoblins
  12 jackals
  9 kobolds
  5 quokkas
  6 ball pythons
  A frilled lizard (D:1)
  8 rats
682 creatures vanquished.

Vanquished Creatures (collateral kills)
  A stone giant (D:15)
  6 vault guards (D:14)
  A boulder beetle (D:15)
  A deep troll (D:15)
  2 wizards (D:15)
  An orc sorcerer (Orc:2)
  2 polar bears (Lair:5)
  A spriggan (Lair:5)
  2 orc warriors
  2 ogres (Orc:2)
  An orc priest (Orc:2)
  3 orcs (Orc:2)
23 creatures vanquished.

Vanquished Creatures (others)
  2 bloated husks (Swamp:1)
  An adder (D:4)
  A goblin (D:4)
4 creatures vanquished.

Grand Total: 709 creatures vanquished

Notes
Turn   | Place    | Note
-------+----------+-------------------------------------------
     0 | D:1      | Wiggles the Minotaur Berserker began the quest for the Orb.
     0 | D:1      | Reached XP level 1. HP: 19/19 MP: 0/0
    77 | D:1      | Found a faded altar of an unknown god.
   407 | D:1      | Reached XP level 2. HP: 27/27 MP: 1/1
   523 | D:1      | Reached skill level 4 in Axes
   969 | D:2      | Reached XP level 3. HP: 19/34 MP: 2/2
  1050 | D:2      | Identified the +5 leather armour of Nepozoeh {rC+ rN+
                  | Regen+ Dex+3}
  1793 | D:3      | Reached XP level 4. HP: 40/41 MP: 3/3
  1810 | D:3      | Reached ** piety under Trog
  2118 | D:3      | Found a shimmering blue altar of Sif Muna.
  2233 | D:3      | Reached skill level 5 in Axes
  2237 | D:3      | Reached XP level 5. HP: 47/47 MP: 4/4
  2351 | D:4      | Reached skill level 5 in Fighting
  2410 | D:4      | Found a shimmering altar of Xom.
  2499 | D:4      | Noticed a +0 spear
  2526 | D:4      | Reached skill level 1 in Stealth
  2526 | D:4      | Reached XP level 6. HP: 56/56 MP: 5/5
  2562 | D:4      | Reached *** piety under Trog
  2565 | D:4      | Noticed a +0 short sword
  2565 | D:4      | Noticed a +0 spear
  2565 | D:4      | Noticed a +0 falchion
  2566 | D:4      | Noticed a +0 dagger
  2566 | D:4      | Noticed a +0 short sword
  2566 | D:4      | Noticed a +0 dagger
  2566 | D:4      | Noticed a +0 falchion
  2567 | D:4      | Found a hide-covered altar of Uskayaw.
  2682 | D:4      | Reached skill level 6 in Axes
  2695 | D:4      | Found a sacrificial altar of Ru.
  2722 | D:4      | Found a shadowy altar of Dithmenos.
  2848 | D:4      | Found a burning altar of Makhleb.
  2929 | D:5      | Entered Level 5 of the Dungeon
  2939 | D:5      | Noticed an ice beast
  2950 | D:5      | Killed an ice beast
  3016 | D:5      | Reached skill level 7 in Axes
  3016 | D:5      | Reached skill level 1 in Shields
  3016 | D:5      | Reached XP level 7. HP: 61/61 MP: 6/6
  3688 | D:6      | Reached skill level 8 in Axes
  3705 | D:6      | Reached XP level 8. HP: 65/70 MP: 7/7
  3745 | D:6      | Reached skill level 9 in Axes
  3959 | D:6      | Reached skill level 5 in Dodging
  3984 | D:6      | Reached **** piety under Trog
  4008 | D:6      | Reached skill level 5 in Armour
  4011 | D:6      | Found a sand-covered staircase.
  4016 | Ossuary  | Entered an ossuary
  4027 | Ossuary  | Reached skill level 10 in Axes
  4080 | Ossuary  | Reached XP level 9. HP: 78/78 MP: 8/8
  4172 | Ossuary  | Reached skill level 11 in Axes
  4939 | D:7      | Noticed a troll
  4951 | D:7      | Killed a troll
  4952 | D:7      | Reached skill level 12 in Axes
  5061 | D:7      | Found a transporter.
  5070 | D:7      | Found a staircase to the Ecumenical Temple.
  5175 | D:7      | Found Nupogah's Antique Armour Boutique.
  5288 | D:7      | Found the +18 Lear's hauberk
  5404 | D:7      | Noticed Esekla's ghost (novice DENe)
  5430 | D:7      | Found a transporter.
  5666 | D:7      | Killed Esekla's ghost
  5667 | D:7      | Reached XP level 10. HP: 88/88 MP: 9/9
  5771 | D:8      | Found an ancient bone altar of Kikubaaqudgha.
  5785 | D:8      | Reached ***** piety under Trog
  5786 | D:8      | Reached skill level 13 in Axes
  5796 | D:8      | Noticed Grum
  5804 | D:8      | Killed Grum
  6071 | D:8      | Found a snail-covered altar of Cheibriados.
  6128 | D:8      | Found an iron altar of Okawaru.
  6230 | D:8      | Found a transporter.
  6320 | D:8      | Noticed a red ugly thing
  6320 | D:8      | Noticed a cyclops
  6320 | D:8      | Noticed a tengu warrior
  6321 | D:8      | Found a runed translucent door.
  6323 | D:8      | Identified the +4 mace of Muebroel {holy, rF+ Will+}
  6323 | D:8      | Noticed a deep elf pyromancer
  6323 | D:8      | Noticed a cyclops
  6323 | D:8      | Noticed a centaur warrior
  6323 | D:8      | Noticed a deep elf pyromancer
  7077 | D:9      | Found a staircase to the Lair.
  7416 | D:9      | Received a gift from Trog
  7425 | D:9      | Reached skill level 14 in Axes
  7589 | D:9      | Found a white marble altar of Elyvilon.
  7592 | D:9      | Found an opulent altar of Gozag.
  7596 | D:9      | Found a stormy altar of Qazlal.
  7750 | D:10     | Entered Level 10 of the Dungeon
  7893 | D:10     | Noticed Nergalle
  7901 | D:10     | Killed Nergalle
  7902 | D:10     | Reached XP level 11. HP: 97/97 MP: 10/10
  8471 | D:11     | Found a sparkling altar of Nemelex Xobeh.
  8471 | D:11     | Noticed a boulder beetle
  8506 | D:11     | Killed a boulder beetle
  8507 | D:11     | Reached skill level 5 in Shields
  8910 | D:11     | Noticed a two-headed ogre
  8925 | D:11     | Killed a two-headed ogre
  8926 | D:11     | Reached skill level 15 in Axes
  8979 | D:11     | Noticed a centaur warrior
  8991 | D:11     | Killed a centaur warrior
  9001 | D:11     | Noticed a boulder beetle
  9021 | D:11     | Killed a boulder beetle
  9024 | D:11     | Identified the staff of cold "Ekeg" {rC+ Str+2 Dex+4}
  9024 | D:11     | Noticed a centaur warrior
  9088 | D:11     | Killed a centaur warrior
  9089 | D:11     | Reached skill level 10 in Fighting
  9179 | D:11     | Noticed a centaur warrior
  9180 | D:11     | Found a glowing silver altar of Zin.
  9191 | D:11     | Killed a centaur warrior
  9192 | D:11     | Reached skill level 16 in Axes
  9403 | D:11     | Noticed a cyan ugly thing
  9452 | D:11     | Killed a cyan ugly thing
  9458 | D:11     | Identified the staff of death "Qoihirheo" {rN+ Str+3}
  9459 | D:11     | Identified the staff of cold "Rorress" {*Corrode rElec rC+
                  | Will+ Int+3}
  9461 | D:11     | Identified the staff of poison "Toraod" {rPois rN+ Int+3}
  9475 | D:11     | Noticed a green ugly thing
  9487 | D:11     | Killed a green ugly thing
  9830 | D:11     | Noticed a two-headed ogre
  9836 | D:11     | Killed a two-headed ogre
  9837 | D:11     | Reached XP level 12. HP: 98/107 MP: 11/11
 10284 | D:11     | Found a staircase to the Orcish Mines.
 10400 | Lair:1   | Entered Level 1 of the Lair of Beasts
 10471 | Lair:1   | Noticed a catoblepas
 10500 | Lair:1   | Killed a catoblepas
 10805 | Lair:1   | Received a gift from Trog
 10876 | Lair:1   | Reached skill level 17 in Axes
 11666 | Lair:2   | Reached skill level 10 in Armour
 11843 | Lair:2   | Noticed a five-headed hydra
 11849 | Lair:2   | Killed a six-headed hydra
 12264 | Lair:2   | Reached skill level 18 in Axes
 12370 | Lair:2   | Noticed a catoblepas
 12377 | Lair:2   | Killed a catoblepas
 12439 | Lair:2   | Reached XP level 13. HP: 61/117 MP: 12/12
 13014 | Lair:3   | Found a blossoming altar of Fedhas.
 13447 | Lair:3   | Found a hole to the Spider Nest.
 13697 | Lair:3   | Found a staircase to the Swamp.
 14086 | Lair:4   | Reached skill level 19 in Axes
 14101 | Lair:4   | Found a viscous altar of Jiyva.
 14102 | Lair:4   | Found a staircase to the Slime Pits.
 14837 | Lair:5   | Entered Level 5 of the Lair of Beasts
 15000 | Lair:5   | Reached skill level 20 in Axes
 15541 | Lair:5   | Received a gift from Trog
 15560 | Lair:5   | Reached XP level 14. HP: 123/129 MP: 13/13
 16965 | D:13     | Reached skill level 21 in Axes
 18025 | D:14     | Found a gate to the Vaults.
 18648 | D:14     | Reached skill level 1 in Evocations
 18715 | D:14     | Found a portal to a secret trove of treasure.
 18874 | D:15     | Entered Level 15 of the Dungeon
 18969 | D:15     | Received a gift from Trog
 19063 | D:15     | Noticed a stone giant
 19070 | D:15     | Killed a stone giant
 19248 | D:15     | Reached XP level 15. HP: 78/139 MP: 14/14
 19561 | D:15     | Paralysed by an air elemental for 1 turns
 19733 | D:15     | Found a staircase to the Depths.
 19965 | D:15     | Reached skill level 22 in Axes
 20252 | Orc:1    | Entered Level 1 of the Orcish Mines
 20715 | Orc:2    | Entered Level 2 of the Orcish Mines
 20718 | Orc:2    | Noticed Jorgrun
 20727 | Orc:2    | Killed Jorgrun
 20728 | Orc:2    | Reached skill level 10 in Dodging
 20785 | Orc:2    | Found Ciriud's Antique Armour Shoppe.
 20853 | Orc:2    | Found Ulilisma's Antique Armour Shoppe.
 20940 | Orc:2    | Found a staircase to the Elven Halls.
 20974 | Orc:2    | Found Atretut's Weapon Shop.
 21067 | Orc:2    | Noticed Donald
 21073 | Orc:2    | Killed Donald
 21427 | Orc:2    | Found Beraikk's Antique Armour Shop.
 21507 | Orc:2    | Found Hydoe's Antique Weapon Boutique.
 21836 | Swamp:1  | Entered Level 1 of the Swamp
 21861 | Swamp:1  | Reached skill level 15 in Fighting
 21891 | Swamp:1  | Received a gift from Trog
 21899 | Swamp:1  | HP: 5/141 [tyrant leech (8)]
 22306 | Swamp:1  | Noticed a fenstrider witch
 22306 | Swamp:1  | Paralysed by a fenstrider witch for 5 turns
 22311 | Swamp:1  | Killed a fenstrider witch
 22503 | Swamp:1  | Slain by a bunyip

Illustrated notes

Levels and vault maps discovered:
D:1:      doesnt_arrival_eight_statues, layout_basic, serial_forest,
          infiniplex_forest_straight_1, infiniplex_forest_end_2,
          infiniplex_forest_end_3, infiniplex_forest_clump_small,
          infiniplex_forest_fountain, infiniplex_forest_zigzag_1,
          shapermc_ecumenical_altar_notcrosses, ebering_dispersal_statue_hall
D:2:      layout_basic
D:3:      layout_rooms, lemuel_tele_altar, grunt_decor_one_mirror, hex_tiny,
          kennysheep_generic_room_14
D:4:      layout_cave_pools, xom_confusion_cloud, mainiacjoe_overflow_24_doors,
          nicolae_dithmenos_the_darkroom, lightli_temple_of_fire,
          nicolae_uskayaw_en_pointe, kennysheep_generic_room_5
D:5:      layout_cave_pods
D:6:      layout_layer_cave, enter_ossuary_2
D:7:      layout_loops_cross, minmay_temple_entry_tees, serial_shops,
          nicolae_shop_behind_doors, gammafunk_ghost_arena, dk_noncrumbling_2,
          hellmonk_guarded_unrand_lears
D:8:      minmay_gate_of_8, layout_loops_ring, overflow_temple_1_default,
          okawaru_ov_weapons_minmay, nicolae_overflow_crystal_walls,
          nicolae_diode_basic, uniq_grum
D:9:      layout_roguey, grunt_temple_overflow_diamond, dpeg_oklobed_lair
D:10:     layout_basic, uniq_nergalle
D:11:     minmay_the_grid_triangle_9x9_rhombus_thin_mashed
          [minmay_the_grid_triangle_9x9_cache,
          minmay_the_grid_triangle_9x9_prize_insulated,
          minmay_the_grid_triangle_9x9_flanged_cone,
          minmay_the_grid_triangle_9x9_zippers_vertical], layout_loops_corners,
          erik_orc_1, nicolae_zen_rock_garden, hangedman_feature_mirror
D:12:     layout_rooms, serial_glass, glass_columns_b, glass_columns_b,
          eino_tiny_chamber
D:13:     layout_basic
D:14:     layout_stronghold, erik_vaults_2, enter_trove_1,
          minmay_misc_feat_doors
D:15:     hangedman_depths_entry_civil_slaughter, layout_basic, moated_statue,
          hangedman_decor_clover_reticule, dreamdust_looks_like_rain
Lair:1:   layout_cave_pods
Lair:2:   layout_layer_cave, special_room [special_room_bee],
          lemuel_old_faithful
Lair:3:   layout_roguey, minmay_swamp_entry_worms, spider_nest_entry_web_field,
          tgw_fedhas, infiniplex_staircase_pool
Lair:4:   layout_regular_city, nicolae_slime_entry_slimehenge
Lair:5:   minmay_lair_end_enchanted_forest, layout_concentric_octagons
Swamp:1:  layout_basic_swamp, serial_swamp_ruin, evilmike_swamp_ruin_house_5,
          evilmike_swamp_ruin_house_6, evilmike_swamp_ruin_rubble_1, swamp_pool2
Orc:1:    layout_caves
Orc:2:    grunt_orc_community_town_hall, layout_caves,
          grunt_orc_community_big_house_2, grunt_orc_community_big_house_1,
          grunt_orc_community_house_3, grunt_orc_community_house_2,
          grunt_orc_community_house_2, grunt_orc_community_house_1,
          grunt_orc_community_house_1, basic_altar,
          portal_ice_cave_entry_pillars_2, serial_shops, nicolae_shop_trees,
          uniq_donald, uniq_jorgrun

Skill      XL: |  1  2  3  4  5  6  7  8  9 10 11 12 13 14 15 |
---------------+----------------------------------------------+-----
Fighting       | 4 5 6 8 9 10 11 13 14 15 | 15.2
Axes           | 4 5 7 8 10 12 14 16 18 20 21 22 | 22.8
Armour         | 3 4 5 7 8 10 11 13 | 13.7
Dodging        | 3 4 5 6 7 8 9 10 | 10.2
Stealth        | 1 2 3 |  3.9
Shields        | 1 2 3 4 5 6 |  6.4
Evocations     | 1 |  1.0

Action                     |  1- 3 |  4- 6 |  7- 9 | 10-12 | 13-15 || total
---------------------------+-------+-------+-------+-------+-------++-------
  Melee: Hand axe          |   277 |    19 |       |       |       ||   296
         Headbutt          |    87 |    15 |    49 |    88 |   111 ||   350
         Punch             |     4 |       |       |       |       ||     4
         Broad axe         |       |    77 |   222 |   403 |       ||   702
         Executioner's axe |       |       |       |    94 |   562 ||   656
 Invoke: Berserk           |       |       |     4 |     8 |     4 ||    16
         Trog's Hand       |       |       |     1 |       |       ||     1
         Brothers in Arms  |       |       |       |     1 |     7 ||     8
  Evoke: Wand              |       |       |       |       |     4 ||     4
    Use: Scroll            |       |       |    16 |    13 |     5 ||    34
         Potion            |       |       |       |       |     6 ||     6
   Stab: Sleeping          |       |     2 |       |       |       ||     2
         Petrified         |       |       |       |     2 |       ||     2
 Armour: Scale mail        |    21 |       |       |       |       ||    21
         Leather armour    |    15 |    51 |    73 |       |       ||   139
         Chain mail        |       |       |     5 |   384 |   461 ||   850
  Dodge: Dodged            |    48 |    78 |   178 |   392 |   544 ||  1240
  Block: Buckler           |       |     9 |    47 |    93 |       ||   149
